APL (24 & UNDER)
KENOSHA KINGFISH @ BEAVERTON BRONZE SOULS
07/12/2027
 
TOP OF THE 1ST
Kenosha Kingfish batting - Pitching for Beaverton Bronze Souls : RHP Ramón Marerro
Pitching: RHP Ramón Marerro
Batting: RHB Esteban Ayala 0-0: Called Strike
0-1: Swinging Strike
0-2: Strikes out swinging
Batting: LHB Davey Casey 0-0: Fly out, F6 (Popup, 6MD)
Batting: LHB Dusty Wilson 0-0: Called Strike
0-1: Fly out, F4 (Line Drive, 4)
Top of the 1st over - 0 run(s), 0 hit(s), 0 error(s), 0 left on base; Kenosha 0 - Beaverton 0
BOTTOM OF THE 1ST
Beaverton Bronze Souls batting - Pitching for Kenosha Kingfish : RHP Bob Holland
Pitching: RHP Bob Holland
Batting: LHB Joel Nelson 0-0: Ground out 4-3 (Groundball, 4)
Batting: LHB Luis Aragón 0-0: Ball
1-0: SINGLE (Groundball, 34D)
Batting: LHB Chance Santry 0-0: Foul Ball, location: 2F
0-1: Foul Ball, location: 2F
0-2: Ball
1-2: Foul Ball, location: 2F
1-2: SINGLE (Groundball, 34D)
Luis Aragón to second
Runner from 2nd tries for 3rd, SAFE, throw made to third
Batting: RHB David Kerr 0-0: Ball
Wild Pitch!
Luis Aragón scores
Chance Santry to second
1-0: Ball
2-0: SINGLE (Line Drive, 6D)
Chance Santry to third
Runner from 3rd tries for Home, SAFE, throw made home
David Kerr to second
Batting: SHB Alberto Sandoval 0-0: Ball
1-0: Ball
2-0: Called Strike
2-1: Foul Ball, location: 2F
2-2: Ground out 1-3 (Groundball, 13S)
David Kerr to third
Batting: RHB José Dávila 0-0: Called Strike
0-1: Ball
1-1: SINGLE (Line Drive, 89M)
David Kerr scores
Batting: SHB Dawson Fowler 0-0: Ball
1-0: Swinging Strike
1-1: Ball
2-1: Fly out, F8 (Flyball, 8RS)
Bottom of the 1st over - 3 run(s), 4 hit(s), 0 error(s), 1 left on base; Kenosha 0 - Beaverton 3
TOP OF THE 2ND
Kenosha Kingfish batting - Pitching for Beaverton Bronze Souls : RHP Ramón Marerro
Batting: RHB Bob Lee 0-0: Called Strike
0-1: Foul Ball, location: 2F
0-2: Foul Ball, location: 2F
0-2: Ground out 4-3 (Groundball, 4S)
Batting: RHB Tommy Davenport 0-0: Ball
1-0: Called Strike
1-1: Foul Ball, location: 2F
1-2: Foul Ball, location: 2F
1-2: Strikes out swinging
Batting: LHB Gustavo Gómez 0-0: Swinging Strike
0-1: Swinging Strike
0-2: Strikes out looking
Top of the 2nd over - 0 run(s), 0 hit(s), 0 error(s), 0 left on base; Kenosha 0 - Beaverton 3
BOTTOM OF THE 2ND
Beaverton Bronze Souls batting - Pitching for Kenosha Kingfish : RHP Bob Holland
Batting: RHB Juan Becerra 0-0: Ball
1-0: Called Strike
1-1: Called Strike
1-2: Ball
2-2: Strikes out swinging
Batting: RHB Joe Brinkman 0-0: Called Strike
0-1: Foul Ball, location: 2F
0-2: Foul Ball, location: 2F
0-2: Ball
1-2: Ball
2-2: Ball
3-2: Foul Ball, location: 2F
3-2: Base on Balls
Batting: LHB Joel Nelson 0-0: Foul Ball, location: 2F
0-1: Ball
1-1: Fly out, F6 (Popup, 56)
Batting: LHB Luis Aragón 0-0: Ball
Joe Brinkman steals 2nd base
1-0: Ball
2-0: Ball
3-0: Called Strike
3-1: SINGLE (Groundball, 6MD)
Joe Brinkman to third
Runner from 3rd tries for Home, SAFE, no throw
Batting: LHB Chance Santry 0-0: Ground out 4-3 (Groundball, 34)
Bottom of the 2nd over - 1 run(s), 1 hit(s), 0 error(s), 1 left on base; Kenosha 0 - Beaverton 4
TOP OF THE 3RD
Kenosha Kingfish batting - Pitching for Beaverton Bronze Souls : RHP Ramón Marerro
Batting: RHB David Barker 0-0: Foul Ball, location: 2F
0-1: Foul Ball, location: 2F
0-2: Strikes out swinging
Batting: LHB Marvin Nichols 0-0: Ball
1-0: Ball
2-0: Foul Ball, location: 2F
2-1: Fly out, F8 (Flyball, 8RM)
Batting: RHB Ron Campbell 0-0: Swinging Strike
0-1: Foul Ball, location: 2F
0-2: Strikes out swinging
Top of the 3rd over - 0 run(s), 0 hit(s), 0 error(s), 0 left on base; Kenosha 0 - Beaverton 4
BOTTOM OF THE 3RD
Beaverton Bronze Souls batting - Pitching for Kenosha Kingfish : RHP Bob Holland
Batting: RHB David Kerr 0-0: Fly out, F9 (Flyball, 9LS)
Batting: SHB Alberto Sandoval 0-0: Ball
1-0: Ball
2-0: Ball
3-0: Called Strike
3-1: Foul Ball, location: 2F
3-2: Foul Ball, location: 2F
3-2: Ground out 1-3 (Groundball, 13S)
Batting: RHB José Dávila 0-0: Ball
1-0: Ball
2-0: Ball
3-0: Called Strike
3-1: Fly out, F8 (Flyball, 8RM)
Bottom of the 3rd over - 0 run(s), 0 hit(s), 0 error(s), 0 left on base; Kenosha 0 - Beaverton 4
TOP OF THE 4TH
Kenosha Kingfish batting - Pitching for Beaverton Bronze Souls : RHP Ramón Marerro
Batting: RHB Esteban Ayala 0-0: Ball
1-0: Called Strike
1-1: Ball
2-1: Called Strike
2-2: Ball
3-2: Foul Ball, location: 2F
3-2: Strikes out swinging
Batting: LHB Davey Casey 0-0: Ball
1-0: SINGLE (Line Drive, 78M)
Batting: LHB Dusty Wilson 0-0: Fly out, F9 (Line Drive, 9S)
Batting: RHB Bob Lee 0-0: Ball
1-0: Called Strike
1-1: Foul Ball, location: 2F
1-2: Strikes out swinging
Top of the 4th over - 0 run(s), 1 hit(s), 0 error(s), 1 left on base; Kenosha 0 - Beaverton 4
BOTTOM OF THE 4TH
Beaverton Bronze Souls batting - Pitching for Kenosha Kingfish : RHP Bob Holland
Batting: SHB Dawson Fowler 0-0: Ball
1-0: Ground out 4-3 (Groundball, 4)
Batting: RHB Juan Becerra 0-0: Ball
1-0: Ball
2-0: Called Strike
2-1: Swinging Strike
2-2: SINGLE (Line Drive, 7S)
Batting: RHB Joe Brinkman 0-0: Swinging Strike
0-1: Ball
1-1: Called Strike
1-2: Fly out, F9 (Line Drive, 89M)
Batting: LHB Joel Nelson 0-0: Fielders Choice at 2nd, 4-6 (Groundball, 4)
Bottom of the 4th over - 0 run(s), 1 hit(s), 0 error(s), 0 left on base; Kenosha 0 - Beaverton 4
TOP OF THE 5TH
Kenosha Kingfish batting - Pitching for Beaverton Bronze Souls : RHP Ramón Marerro
Batting: RHB Tommy Davenport 0-0: Called Strike
0-1: Fly out, F8 (Flyball, 78M)
Batting: LHB Gustavo Gómez 0-0: Called Strike
0-1: Fly out, F7 (Line Drive, 7LM)
Batting: RHB David Barker 0-0: Foul Ball, location: 2F
0-1: Ball
1-1: Called Strike
1-2: Foul Ball, location: 2F
1-2: Strikes out swinging
Top of the 5th over - 0 run(s), 0 hit(s), 0 error(s), 0 left on base; Kenosha 0 - Beaverton 4
BOTTOM OF THE 5TH
Beaverton Bronze Souls batting - Pitching for Kenosha Kingfish : RHP Bob Holland
Batting: LHB Luis Aragón 0-0: Fly out, F8 (Line Drive, 8LM)
Batting: LHB Chance Santry 0-0: Swinging Strike
0-1: Fly out, F8 (Flyball, 8LS)
Batting: RHB David Kerr 0-0: Called Strike
0-1: DOUBLE (Line Drive, 78M)
Batting: SHB Alberto Sandoval 0-0: Ball
1-0: Ball
2-0: Ball
3-0: Called Strike
3-1: Base on Balls
Batting: RHB José Dávila 0-0: Fly out, F8 (Flyball, 89M)
Bottom of the 5th over - 0 run(s), 1 hit(s), 0 error(s), 2 left on base; Kenosha 0 - Beaverton 4
TOP OF THE 6TH
Kenosha Kingfish batting - Pitching for Beaverton Bronze Souls : RHP Ramón Marerro
Batting: LHB Marvin Nichols 0-0: Foul Ball, location: 2F
0-1: Ball
1-1: Called Strike
1-2: Ball
2-2: Ball
3-2: Fly out, F9 (Flyball, 89M)
Batting: RHB Ron Campbell 0-0: Called Strike
0-1: Foul Ball, location: 2F
0-2: Ball
1-2: Ball
2-2: Strikes out swinging
Batting: RHB Esteban Ayala 0-0: Foul Ball, location: 2F
0-1: Ball
1-1: Foul Ball, location: 2F
1-2: Ball
2-2: Foul Ball, location: 2F
2-2: Fly out, F8 (Flyball, 78D)
Top of the 6th over - 0 run(s), 0 hit(s), 0 error(s), 0 left on base; Kenosha 0 - Beaverton 4
BOTTOM OF THE 6TH
Beaverton Bronze Souls batting - Pitching for Kenosha Kingfish : RHP Bob Holland
Batting: SHB Dawson Fowler 0-0: Ball
1-0: Ball
2-0: Ball
3-0: Called Strike
3-1: Ground out 6-3 (Groundball, 6)
Pitching: RHP Anastasio Cervantes
Batting: RHB Juan Becerra 0-0: Swinging Strike
0-1: Foul Ball, location: 2F
0-2: Ball
1-2: DOUBLE (Flyball, 89M)
Batting: RHB Joe Brinkman 0-0: Foul Ball, location: 2F
0-1: Ball
1-1: SINGLE (Groundball, 6MD)
Juan Becerra to third
Runner from 3rd tries for Home, SAFE, no throw
Batting: LHB Joel Nelson 0-0: Called Strike
0-1: Foul Ball, location: 2F
0-2: Ball
1-2: Ball
2-2: Ball
3-2: DOUBLE (Line Drive, 8RXD)
Joe Brinkman to third
Batting: LHB Luis Aragón 0-0: Called Strike
0-1: Called Strike
0-2: Strikes out swinging
Batting: LHB Chance Santry 0-0: Ball
1-0: Called Strike
1-1: Ball
2-1: DOUBLE (Flyball, 89D)
Joe Brinkman scores
Joel Nelson scores
Pitching: RHP Pablo Suárez
Batting: RHB David Kerr 0-0: Ball
1-0: Foul Ball, location: 2F
1-1: Ball
2-1: Foul Ball, location: 2F
2-2: Ball
3-2: Base on Balls
Batting: SHB Alberto Sandoval 0-0: Foul Ball, location: 2F
0-1: Ball
1-1: Foul Ball, location: 2F
1-2: Fly out, F7 (Flyball, 7S)
Bottom of the 6th over - 3 run(s), 4 hit(s), 0 error(s), 2 left on base; Kenosha 0 - Beaverton 7
TOP OF THE 7TH
Kenosha Kingfish batting - Pitching for Beaverton Bronze Souls : RHP Ramón Marerro
Batting: LHB Davey Casey 0-0: Ball
1-0: Swinging Strike
1-1: SINGLE (Groundball, 34D)
Batting: LHB Dusty Wilson Pickoff Throw to First - Out!
0-0: Fly out, F8 (Flyball, 8RM)
Batting: RHB Bob Lee 0-0: Swinging Strike
0-1: Foul Ball, location: 2F
0-2: Fly out, F8 (Line Drive, 8LM)
Top of the 7th over - 0 run(s), 1 hit(s), 0 error(s), 0 left on base; Kenosha 0 - Beaverton 7
BOTTOM OF THE 7TH
Beaverton Bronze Souls batting - Pitching for Kenosha Kingfish : RHP Pablo Suárez
Batting: RHB José Dávila 0-0: Ball
1-0: Ball
2-0: Called Strike
2-1: Ground out 5-3 (Groundball, 56S)
Batting: SHB Dawson Fowler 0-0: Ball
1-0: Ball
2-0: Called Strike
2-1: SOLO HOME RUN (Flyball, 89XD), Distance : 414 ft
Batting: RHB Juan Becerra 0-0: Ball
1-0: Ball
2-0: Fly out, F9 (Flyball, 9)
Batting: RHB Joe Brinkman 0-0: Fly out, F9 (Flyball, 9)
Bottom of the 7th over - 1 run(s), 1 hit(s), 0 error(s), 0 left on base; Kenosha 0 - Beaverton 8
TOP OF THE 8TH
Kenosha Kingfish batting - Pitching for Beaverton Bronze Souls : RHP Ramón Marerro
Batting: RHB Tommy Davenport 0-0: Ball
1-0: Ball
2-0: Called Strike
2-1: Called Strike
2-2: Foul Ball, location: 2F
2-2: Ball
3-2: Foul Ball, location: 2F
3-2: Ground out 5-3 (Groundball, 56S)
Batting: LHB Gustavo Gómez 0-0: Foul Ball, location: 2F
0-1: Called Strike
0-2: Foul Ball, location: 2F
0-2: Foul Ball, location: 2F
0-2: Ball
1-2: Strikes out swinging
Batting: RHB David Barker 0-0: Ball
1-0: Ground out 6-3 (Groundball, 6)
Top of the 8th over - 0 run(s), 0 hit(s), 0 error(s), 0 left on base; Kenosha 0 - Beaverton 8
BOTTOM OF THE 8TH
Beaverton Bronze Souls batting - Pitching for Kenosha Kingfish : RHP Pablo Suárez
Batting: LHB Joel Nelson 0-0: Ground out 6-3 (Groundball, 6)
Batting: LHB Luis Aragón 0-0: Called Strike
0-1: Ball
1-1: Swinging Strike
1-2: Ball
2-2: Fly out, F5 (Popup, 5D)
Batting: LHB Chance Santry 0-0: Ball
1-0: Swinging Strike
1-1: Fly out, F6 (Line Drive, 6)
Bottom of the 8th over - 0 run(s), 0 hit(s), 0 error(s), 0 left on base; Kenosha 0 - Beaverton 8
TOP OF THE 9TH
Kenosha Kingfish batting - Pitching for Beaverton Bronze Souls : RHP Ramón Marerro
Pitching: LHP Mike Stevens
Now at C: Carlos Carrillo
Batting: LHB Marvin Nichols 0-0: Swinging Strike
0-1: Foul Ball, location: 2F
0-2: Strikes out looking
Batting: RHB Ron Campbell 0-0: Ball
1-0: Ground out 6-3 (Groundball, 6)
Batting: RHB Esteban Ayala 0-0: Called Strike
0-1: Swinging Strike
0-2: Strikes out swinging
Top of the 9th over - 0 run(s), 0 hit(s), 0 error(s), 0 left on base; Kenosha 0 - Beaverton 8
Thursday, March 30th, 2017 - OOTP Baseball 17.12 Build 75